Map: Deathaura LE

Players

Ryu

  • Race: Zerg Zerg
  • Spawn Location: 5:00

Kelazhur - Winner!

  • Race: Terran Terran
  • League: Master
  • Spawn Location: 11:00

Event: DreamHack SC2 Masters 2020 Fall

VOD

Have the link to the VOD?

Description

Time

  • Played on: Aug. 26, 2020, 4:15 p.m.
  • Length: 11:09

All games in this series

Show
View Real Time Build Order
Export as new Build Order

Ryu Zerg 

Build Orders: Hatch First 

Get SALT Encoding   

  12  0:00  Drone  
  13  0:13  Overlord  
  13  0:17  Drone  
  14  0:31  Drone x2  
  16  0:47  Hatchery  
  15  0:50  Drone  
  15  0:54  Drone  
  17  0:57  Drone  
  17  1:00  Extractor  
  17  1:14  Spawning Pool  
  17  1:17  Drone  
  17  1:20  Drone  
  18  1:28  Drone  
  19  1:42  Drone  
  20  1:51  Overlord  
  20  2:01  Queen x2  
  24  2:02  Zergling x4  
  26  2:14  Roach Warren  
  26  2:15  Drone  
  26  2:17  Drone  
  26  2:20  Zergling x2  
  28  2:28  Drone  
  29  2:34  Drone  
  29  2:36  Overlord  
  29  2:43  Queen  
  31  2:48  Drone  
  32  2:56  Roach  
  32  2:57  Roach x2  
  38  3:04  Overlord  
  38  3:08  Drone  
  39  3:15  Roach  
  41  3:22  Overlord  
  41  3:24  Drone  
  41  3:25  Evolution Chamber  
  41  3:37  Roach x2  
  41  3:41  Drone x3  
  44  3:49  Roach x2  
  48  4:00  Zerg Ground Armor Level 1  
  46  4:03  Roach x2  
  46  4:05  Drone  
  46  4:06  Extractor  
  46  4:09  Drone x2  
  48  4:21  Roach  
  50  4:31  Roach x2  
  50  4:32  Queen, Overlord  
  50  4:36  Queen  
  52  4:40  Roach x2  
  51  4:50  Roach  
  52  5:00  Drone x3  
  52  5:03  Drone  
  52  5:06  Overlord  
  55  5:08  Queen  
  55  5:14  Drone x3  
  60  5:25  Roach  
  62  5:30  Lair  
  62  5:32  Hatchery  
  59  5:37  Roach  
  59  5:39  Drone x4  
  65  5:42  Overlord  
  63  5:51  Roach x2  
  63  5:56  Roach x2  
  65  6:08  Drone  
  63  6:15  Drone x2  
  65  6:20  Roach x2, Overlord  
  65  6:21  Overlord  
  65  6:22  Overlord  
  65  6:23  Hatchery  
  65  6:25  Drone  
  69  6:26  Drone  
  69  6:28  Glial Reconstitution  
  69  6:29  Overseer  
  70  6:33  Drone x2  
  70  6:36  Metabolic Boost  
  70  6:37  Extractor  
  70  6:38  Drone x2  
  70  6:39  Drone  
  75  6:40  Drone x2  
  76  6:51  Drone x3  
  77  6:55  Baneling Nest  
  76  7:06  Evolution Chamber  
  76  7:07  Roach x2  
  76  7:08  Overlord  
  79  7:11  Hatchery  
  78  7:21  Drone x3  
  78  7:22  Overlord x2  
  81  7:33  Zerg Melee Weapons Level 1  
  81  7:34  Zerg Ground Armor Level 2  
  81  7:37  Extractor  
  81  7:38  Drone x3  
  83  7:50  Centrifical Hooks  
  83  7:52  Zergling x8, Overseer  
  83  7:57  Extractor  
  83  7:58  Drone x3, Extractor  
  89  7:59  Drone x3  
  89  8:03  Zergling x8  
  95  8:09  Zergling x8  
  95  8:11  Baneling x4  
  99  8:23  Zergling x8  
  99  8:24  Spore Crawler  
  99  8:26  Zergling x2  
  99  8:27  Zergling x2  
  104  8:32  Drone x4  
  108  8:36  Infestation Pit  
  108  8:37  Baneling x2  
  108  8:38  Zergling x10  
  109  8:54  Drone x2  
  109  8:55  Drone x3  
  108  8:56  Baneling x2  
  108  8:59  Zergling x8  
  112  9:07  Ravager x3, Zergling x2  
  112  9:08  Zergling x14  
  123  9:14  Hive  
  122  9:21  Drone x4  
  122  9:23  Hydralisk Den  
  124  9:25  Zergling x6  
  124  9:27  Baneling x3  
  124  9:29  Extractor  
  124  9:30  Overlord x3  
  126  9:34  Overlord  
  126  9:37  Drone x2  
  127  9:40  Zergling x10  
  127  9:42  Baneling x3  
  127  9:43  Baneling x4  
  131  9:46  Overlord x2  
  131  9:47  Baneling x3  
  125  9:54  Drone  
  125  9:55  Drone x2, Zergling x4  
  128  10:01  Lurker Den  
  128  10:06  Zergling x6  
  130  10:09  Overseer  
  130  10:13  Zergling x18  
  137  10:16  Baneling x10  
  137  10:20  Zergling x4  
  138  10:26  Zergling x18  
  120  10:37  Zergling x16  
  120  10:39  Baneling x8  
  116  10:43  Zergling x2  
  116  10:48  Zergling x6  
Show
View Real Time Build Order
Export as new Build Order

Kelazhur Terran - Winner!

Build Orders:  

Get SALT Encoding   

  12  0:00  SCV  
  13  0:12  SCV  
  14  0:18  Supply Depot  
  14  0:24  SCV  
  15  0:39  SCV  
  15  0:41  Barracks  
  16  0:44  Refinery  
  16  0:51  SCV  
  17  1:00  Barracks  
  17  1:03  SCV  
  18  1:16  SCV  
  19  1:19  Barracks  
  19  1:28  Reaper  
  19  1:29  Refinery  
  20  1:40  Orbital Command  
  20  1:47  Reaper  
  20  1:52  Supply Depot  
  21  2:00  Reaper  
  22  2:08  Reaper  
  23  2:14  SCV  
  24  2:20  Supply Depot, Reaper  
  25  2:26  SCV  
  26  2:32  Reaper  
  27  2:38  SCV  
  27  2:40  Reaper  
  29  2:50  SCV  
  30  2:52  Reaper  
  31  3:05  Command Center, SCV, Reaper  
  33  3:17  SCV  
  34  3:20  Reaper  
  35  3:29  SCV  
  37  3:34  Reaper  
  37  3:43  Command Center  
  37  3:44  Supply Depot  
  37  3:49  SCV  
  38  4:01  SCV  
  39  4:06  Reaper x2  
  39  4:09  Supply Depot  
  41  4:19  Orbital Command  
  41  4:23  SCV  
  43  4:24  Reaper  
  41  4:35  SCV  
  41  4:38  Reaper x2  
  43  4:49  SCV  
  43  4:51  SCV  
  45  4:53  Engineering Bay, Barracks x2  
  45  4:56  Reaper  
  45  4:58  Engineering Bay  
  46  5:01  SCV  
  46  5:04  Orbital Command  
  46  5:05  SCV  
  47  5:13  SCV  
  49  5:17  SCV  
  49  5:18  Barracks Tech Lab  
  50  5:27  SCV  
  51  5:29  SCV  
  51  5:31  Barracks Reactor  
  51  5:37  Terran Infantry Armor Level 1, Terran Infantry Weapons Level 1  
  51  5:38  Barracks Reactor  
  51  5:39  Refinery, Marine  
  51  5:40  Refinery, SCV x2  
  51  5:41  Factory, SCV, Marine  
  51  5:42  Marine  
  56  5:52  SCV x2  
  56  5:55  SCV  
  59  5:58  Marine  
  59  5:59  Stimpack, Marine x2  
  62  6:04  SCV  
  62  6:05  SCV  
  62  6:07  SCV  
  64  6:11  Marine x2  
  64  6:16  SCV, Marine  
  64  6:17  Orbital Command  
  71  6:19  Marine x2  
  71  6:22  Barracks Reactor x2  
  71  6:24  SCV  
  71  6:28  Starport, Factory Reactor, SCV  
  72  6:34  Barracks  
  72  6:35  Barracks  
  72  6:36  Barracks, SCV, Marine  
  72  6:39  Armory  
  74  6:40  SCV  
  75  6:48  SCV  
  75  6:50  Marine x4  
  75  6:51  SCV  
  75  6:52  SCV  
  81  6:57  Supply Depot  
  81  6:59  Supply Depot, Marine  
  81  7:00  Marine x3  
  85  7:05  Supply Depot  
  85  7:19  Medivac x2, SCV x3, Marine  
  85  7:20  Marine x7  
  85  7:22  Factory Tech Lab  
  100  7:27  Marauder  
  100  7:28  Barracks Tech Lab  
  100  7:29  Barracks Tech Lab, Barracks Reactor  
  102  7:31  SCV x3  
  102  7:34  Supply Depot  
  102  7:35  Refinery  
  102  7:36  Supply Depot  
  105  7:37  Terran Infantry Weapons Level 2  
  105  7:39  Combat Shield  
  105  7:45  Marine x4  
  105  7:49  Terran Infantry Armor Level 2  
  109  7:55  SCV x3, Marine x3  
  109  7:56  Marauder  
  109  7:57  Marine  
  109  7:58  Marauder  
  120  8:03  Siege Tank  
  123  8:07  SCV, Supply Depot  
  123  8:10  Supply Depot  
  123  8:11  Marine  
  123  8:12  Concussive Shells  
  125  8:18  Supply Depot  
  125  8:21  Marine x7  
  132  8:29  Medivac x2, Marauder x2  
  132  8:33  Marauder, Marine x3  
  145  8:38  Siege Tank  
  148  8:42  Command Center, Supply Depot  
  148  8:51  Marauder  
  142  8:55  Marine  
  142  8:56  Marauder x2, Marine x8  
  142  9:00  Medivac  
  157  9:03  Medivac, Marine  
  157  9:09  Supply Depot  
  160  9:12  Siege Tank, Marauder  
  165  9:31  Marauder, Marine x6  
  173  9:33  Supply Depot x3  
  173  9:36  Marine  
  173  9:45  Supply Depot x2  
  173  9:51  Orbital Command x2, Marine x2  
  173  9:52  Orbital Command, Marine x2  
  173  9:53  Marauder, Marine  
  173  9:54  Siege Tank, Marauder x2  
  173  9:56  Marine  
  173  9:59  Medivac x2  
  185  10:10  Marine  
  188  10:14  Marauder  
  188  10:16  Marauder x2  
  192  10:22  Marine  
  192  10:25  Marine  
  192  10:26  Marine x6  
  200  10:31  Medivac  
  200  10:34  Marine  
  200  10:35  Marauder, Marine  
  194  10:37  Marauder x2  
  194  10:39  Marine  
  189  10:45  Marine  
  189  10:49  SCV x3  

Tags
 
Add a new tag
Caveats
  • Supply blocks, unpowered buildings, or Contaminate may cause inaccurate times.
  • Supply counts are checked every 10 seconds.